 Dungeon Crawl Stone Soup version 0.31.0-11-ge490571c62 (webtiles) character file.

Game seed: 14821461341486738839

25 hawla the Conjurer (level 3, -3/24 HPs)
             Began as a Human Conjurer on Feb 1, 2024.
             Slain by a gnoll
             ... wielding a +0 flail
              (9 damage)
             ... on level 3 of the Dungeon.
             The game lasted 00:02:43 (1120 turns).

hawla the Conjurer (Human Conjurer)                 Turns: 1120, Time: 00:02:44

Health: -3/24      AC:  2    Str:  7    XL:     3   Next: 4%
Magic:  0/6        EV: 12    Int: 20    God:
Gold:   53         SH:  0    Dex: 11    Spells: 3/6 levels left

rFire   . . .        (no weapon)
rCold   . . .        (no shield)
rNeg    . . .        a - +0 robe
rPois   .            (no helmet)
rElec   .            (no cloak)
rCorr   .            (no gloves)
SInv    .            (no boots)
Will    .....        f - amulet of regeneration
Stlth   ++           e - ring of flight
HPRegen 1.04/turn    (no ring)
MPRegen 0.10/turn

%: no passive effects
@: flying
A: explore regen
a: no special abilities


You were on level 3 of the Dungeon.
You visited 1 branch of the dungeon, and saw 3 of its levels.

You collected 53 gold pieces.

Inventory:

Armour
 a - a +0 robe (worn)
Jewellery
 e - a ring of flight (left hand)
 f - an amulet of regeneration (around neck)
Potions
 g - a potion of invisibility {unknown}


   Skills:
 - Level 2.0 Dodging
 - Level 2.0 Stealth
 - Level 2.0 Spellcasting
 - Level 4.0 Conjurations
 + Level 2.5 Translocations


You had 3 spell levels left.
You knew the following spells:

 Your Spells              Type           Power      Damage    Failure   Level
a - Magic Dart            Conj           72%        1d6       3%          1
b - Searing Ray           Conj           36%        2d5       4%          2

Your spell library contained the following spells:

 Spells                   Type           Power      Damage    Failure   Level
 Iskenderun's Mystic Bla  Conj/Tloc      15%        2d5       38%         4
 Fulminant Prism          Conj/Alch      5%         3d7       56%         4


Dungeon Overview and Level Annotations

Branches:
Dungeon (3/15)

Altars:
Zin


Innate Abilities, Weirdness & Mutations

You regain HP and MP as you explore.


Message History

The gnoll is heavily wounded.
The searing ray misses the gnoll.
The gnoll misses you. The gnoll hits you with a +0 flail.
Without enough magic to sustain it, your searing ray dissipates.
The gnoll hits you with a +0 flail. The gnoll closely misses you.
An adder comes into view.
As you read the scroll labelled WELISUEVIN, it crumbles to dust.
You hear a loud clanging noise!
It was a scroll of noise.
The adder hisses angrily.
You hear a shout!
The gnoll hits you from afar with a +0 spear.
The gnoll hits you from afar with a +0 spear!
The gnoll hits you from afar with a +0 spear.
The gnoll hits you but does no damage.
There is a stone staircase leading down here.
The gnoll closely misses you.
The gnoll hits you from afar with a +0 spear. x2
You fly downwards.
Found a stone staircase leading up.
There is a stone staircase leading up here.
Casting: Searing Ray (safe; 4% risk of failure)
Confirm with . or Enter, or press ? or * to list all spells.
Aiming: Magic Dart (safe; 3% risk of failure)
Press: ? - help, Shift-Dir - straight line, f - gnoll
Aim: a gnoll, wielding a +0 flail (severely wounded, 100% to hit)
The magic dart hits the gnoll.
The gnoll is almost dead.
The gnoll closely misses you.
You hit the gnoll but do no damage. You punch the gnoll, but do no damage.
The gnoll is almost dead.
The gnoll hits you with a +0 flail!
* * * LOW HITPOINT WARNING * * *
It was a potion of curing.
You feel better. The gnoll hits you with a +0 flail!
You barely miss the gnoll.
The gnoll is almost dead.
The gnoll hits you with a +0 flail.
* * * LOW HITPOINT WARNING * * *
It was a potion of cancellation.
You feel magically purged. The gnoll hits you with a +0 flail!
You die... #####<# #@g...# #####.#

You could see a gnoll.

Vanquished Creatures
  2 ball pythons (D:1)
  5 endoplasms
  2 hobgoblins (D:1)
  6 kobolds (D:1)
  A quokka (D:2)
  A bat (D:2)
  A frilled lizard (D:1)
  2 goblins (D:1)
  2 rats
22 creatures vanquished.

Notes
Turn   | Place    | Note
-------+----------+-------------------------------------------
     0 | D:1      | hawla the Human Conjurer began the quest for the Orb.
     0 | D:1      | Reached XP level 1. HP: 13/13 MP: 3/3
   128 | D:1      | Reached skill level 1 in Translocations
   248 | D:1      | Reached XP level 2. HP: 19/19 MP: 1/5
   983 | D:2      | Learned a level 2 spell: Searing Ray
  1022 | D:2      | Reached XP level 3. HP: 24/24 MP: 4/6
  1044 | D:2      | Found a glowing silver altar of Zin.
  1120 | D:3      | Slain by a gnoll

Illustrated notes

Levels and vault maps discovered:
D:1:      elethiomel_arrival_shortcut, layout_basic
D:2:      layout_basic, basic_altar, uniq_crazy_yiuf_cottage
D:3:      layout_basic, uniq_robin

Skill      XL: |  1  2 |
---------------+-------+-----
Translocations | 1 2 |  2.5
Dodging        | |  2.0
Stealth        | |  2.0
Spellcasting   | |  2.0
Conjurations   | |  4.0

Action                     || total
---------------------------++-------
  Melee: Unarmed           ||    17
         Punch             ||     1
   Cast: Magic Dart        ||    48
         Searing Ray       ||     2
    Use: Potion            ||     3
         Scroll            ||     2
 Armour: Robe              ||    25
  Dodge: Dodged            ||    17
